| TOP OF THE 1ST |
|
Roswell Invaders batting - Pitching for Victoria Capitals : LHP Andy Mathis
|
|
Pitching: LHP Andy Mathis
|
|
|
Batting: RHB Orlando Florez
|
0-0: Ground out 1-3 (Groundball, 13S, EV 67.5 MPH)
|
|
Batting: SHB Ethan Newby
|
0-0: Swinging Strike 0-1: Swinging Strike 0-2: Ball 1-2: Strikes out swinging
|
|
Batting: LHB Dallas Kelly
|
0-0: Foul Ball, location: 2F 0-1: Ball 1-1: Foul Ball, location: 2F 1-2: Ball 2-2: Strikes out swinging
|
| Top of the 1st over - 0 runs, 0 hits, 0 errors, 0 left on base; Roswell 0 - Victoria 0 |
| BOTTOM OF THE 1ST |
|
Victoria Capitals batting - Pitching for Roswell Invaders : RHP Jeff Whaley
|
|
Pitching: RHP Jeff Whaley
|
|
|
Batting: RHB Heihachiro Fujita
|
0-0: Ball 1-0: Foul Ball, location: 2F 1-1: Called Strike 1-2: Ground out 3-1 (Groundball, 34, EV 108.8 MPH)
|
|
Batting: RHB Tomokazu Sugimoto
|
0-0: Called Strike 0-1: DOUBLE (Line Drive, 3D, EV 104.4 MPH)
|
|
Batting: RHB Victor Rosas
|
0-0: Called Strike 0-1: Ball 1-1: Ground out 6-3 (Groundball, 6, EV 83.1 MPH) Tomokazu Sugimoto to third
|
|
Batting: LHB Taki Matsui
|
0-0: Ball 1-0: Fly out, F9 (Flyball, 9S, EV 86.3 MPH)
|
| Bottom of the 1st over - 0 runs, 1 hit, 0 errors, 1 left on base; Roswell 0 - Victoria 0 |
| TOP OF THE 2ND |
|
Roswell Invaders batting - Pitching for Victoria Capitals : LHP Andy Mathis
|
|
Batting: RHB Mike Swift
|
0-0: Ball 1-0: Ball 2-0: Ball 3-0: Swinging Strike 3-1: Foul Ball, location: 2F 3-2: Strikes out swinging
|
|
Batting: RHB Josh Burrows
|
0-0: Called Strike 0-1: Swinging Strike 0-2: Strikes out swinging
|
|
Batting: LHB Josh Thomas
|
0-0: Called Strike 0-1: Ball 1-1: Foul Ball, location: 2F 1-2: Strikes out swinging
|
| Top of the 2nd over - 0 runs, 0 hits, 0 errors, 0 left on base; Roswell 0 - Victoria 0 |
| BOTTOM OF THE 2ND |
|
Victoria Capitals batting - Pitching for Roswell Invaders : RHP Jeff Whaley
|
|
Batting: SHB Carlos Luna
|
0-0: Ball 1-0: Called Strike 1-1: SINGLE (Groundball, 4D, EV 103.8 MPH)
|
|
Batting: RHB Nick Edmunds
|
0-0: Called Strike 0-1: Called Strike 0-2: Fielders Choice at 2nd, 6-4 (Groundball, 6, EV 85.6 MPH)
|
|
Batting: LHB Chang Huie
|
0-0: Ball 1-0: SINGLE (Groundball, 34, EV 100.0 MPH) Nick Edmunds to second Runner from 2nd tries for 3rd, SAFE, throw by RF made to third
|
|
Batting: RHB David Greene
|
0-0: Called Strike Chang Huie steals 2nd base 0-1: Ball 1-1: Ball 2-1: Called Strike 2-2: Ground out 5-3 (Groundball, 5, EV 81.9 MPH)
|
|
Batting: RHB Jesus Santiago
|
0-0: Foul Ball, location: 2F 0-1: Ground out U3 (Groundball, 34, EV 85.6 MPH)
|
| Bottom of the 2nd over - 0 runs, 2 hits, 0 errors, 2 left on base; Roswell 0 - Victoria 0 |
| TOP OF THE 3RD |
|
Roswell Invaders batting - Pitching for Victoria Capitals : LHP Andy Mathis
|
|
Batting: RHB Cody Savastand
|
0-0: Called Strike 0-1: Ball 1-1: Ground out 5-3 (Groundball, 25, EV 80.0 MPH)
|
|
Batting: LHB Afanasy Apatenko
|
0-0: Fly out, F8 (Line Drive, 8LM, EV 95.6 MPH)
|
|
Batting: LHB Falco van Koeveringe
|
0-0: Called Strike 0-1: Swinging Strike 0-2: Ball 1-2: Foul Ball, location: 2F 1-2: Ball 2-2: Ball 3-2: DOUBLE (Flyball, 78D, EV 103.1 MPH)
|
|
Batting: RHB Orlando Florez
|
0-0: Called Strike 0-1: Swinging Strike 0-2: Ball 1-2: SINGLE (Groundball, 56D, EV 97.5 MPH) Falco van Koeveringe to third Runner from 3rd tries for Home, SAFE, throw by LF to home
|
|
Batting: SHB Ethan Newby
|
0-0: Called Strike 0-1: Swinging Strike 0-2: Ball 1-2: Foul Ball, location: 2F 1-2: Strikes out swinging
|
| Top of the 3rd over - 1 run, 2 hits, 0 errors, 1 left on base; Roswell 1 - Victoria 0 |
| BOTTOM OF THE 3RD |
|
Victoria Capitals batting - Pitching for Roswell Invaders : RHP Jeff Whaley
|
|
Batting: RHB Heihachiro Fujita
|
0-0: Called Strike 0-1: Ball 1-1: Ball 2-1: SINGLE (Groundball, 56D, EV 100.0 MPH)
|
|
Batting: RHB Tomokazu Sugimoto
|
0-0: Ball 1-0: Ball 2-0: SINGLE (Line Drive, 7S, EV 93.1 MPH) Heihachiro Fujita to second
|
|
Batting: RHB Victor Rosas
|
0-0: Grounds into double play, 4-6-3 (Groundball, 4, EV 80.6 MPH) Heihachiro Fujita to third
|
|
Batting: LHB Taki Matsui
|
0-0: Ball 1-0: Ground out U3 (Groundball, 3, EV 101.3 MPH)
|
| Bottom of the 3rd over - 0 runs, 2 hits, 0 errors, 1 left on base; Roswell 1 - Victoria 0 |
| TOP OF THE 4TH |
|
Roswell Invaders batting - Pitching for Victoria Capitals : LHP Andy Mathis
|
|
Batting: LHB Dallas Kelly
|
0-0: Ball 1-0: SINGLE (Groundball, 6MD, EV 96.3 MPH)
|
|
Batting: RHB Mike Swift
|
0-0: Ball 1-0: Ball 2-0: Called Strike 2-1: Foul Ball, location: 2F 2-2: 2-RUN HOME RUN (Flyball, 7D, EV 96.3 MPH), Distance : 357 ft
|
|
Batting: RHB Josh Burrows
|
0-0: Ground out U3 (Groundball, 34, EV 108.1 MPH)
|
|
Batting: LHB Josh Thomas
|
0-0: Ball 1-0: Foul Ball, location: 2F 1-1: Fly out, F8 (Line Drive, 8RD, EV 86.9 MPH)
|
|
Batting: RHB Cody Savastand
|
0-0: Ball 1-0: SINGLE (Groundball, 3D, EV 106.3 MPH)
|
|
Batting: LHB Afanasy Apatenko
|
0-0: Ball 1-0: Ball 2-0: Foul Ball, location: 2F 2-1: Swinging Strike 2-2: Strikes out swinging
|
| Top of the 4th over - 2 runs, 3 hits, 0 errors, 1 left on base; Roswell 3 - Victoria 0 |
| BOTTOM OF THE 4TH |
|
Victoria Capitals batting - Pitching for Roswell Invaders : RHP Jeff Whaley
|
|
Batting: SHB Carlos Luna
|
0-0: Ball 1-0: SINGLE (Line Drive, 8RM, EV 91.9 MPH)
|
|
Batting: RHB Nick Edmunds
|
0-0: Swinging Strike 0-1: Swinging Strike 0-2: Foul Ball, location: 2F 0-2: Ball 1-2: Foul Ball, location: 2F 1-2: Strikes out looking
|
|
Batting: LHB Chang Huie
|
0-0: Ball 1-0: Reached on error, E4 (Groundball, 4MS, EV 86.3 MPH) Carlos Luna to second
|
|
Batting: RHB David Greene
|
0-0: Ball 1-0: Fly out, F8 (Line Drive, 8LM, EV 105.0 MPH)
|
|
Batting: RHB Jesus Santiago
|
0-0: Foul Ball, location: 2F 0-1: Called Strike 0-2: Foul Ball, location: 2F 0-2: Strikes out swinging
|
| Bottom of the 4th over - 0 runs, 1 hit, 1 error, 2 left on base; Roswell 3 - Victoria 0 |
| TOP OF THE 5TH |
|
Roswell Invaders batting - Pitching for Victoria Capitals : LHP Andy Mathis
|
|
Batting: LHB Falco van Koeveringe
|
0-0: Called Strike 0-1: Ground out 4-3 (Groundball, 4, EV 81.9 MPH)
|
|
Batting: RHB Orlando Florez
|
0-0: Ball 1-0: Swinging Strike 1-1: Ball 2-1: Ball 3-1: Base on Balls
|
|
Batting: SHB Ethan Newby
|
0-0: Ball 1-0: Ground out 6-3 (Groundball, 6M, EV 102.5 MPH) Orlando Florez to second
|
|
Batting: LHB Dallas Kelly
|
0-0: Ball 1-0: Ball 2-0: Called Strike 2-1: Called Strike 2-2: Strikes out looking
|
| Top of the 5th over - 0 runs, 0 hits, 0 errors, 1 left on base; Roswell 3 - Victoria 0 |
| BOTTOM OF THE 5TH |
|
Victoria Capitals batting - Pitching for Roswell Invaders : RHP Jeff Whaley
|
|
Batting: RHB Heihachiro Fujita
|
0-0: Fly out, F8 (Flyball, 8LD, EV 104.4 MPH)
|
|
Batting: RHB Tomokazu Sugimoto
|
0-0: Called Strike 0-1: Swinging Strike 0-2: Ball 1-2: Strikes out looking
|
|
Batting: RHB Victor Rosas
|
0-0: Ball 1-0: Ball 2-0: Ball 3-0: Called Strike 3-1: Base on Balls
|
|
Batting: LHB Taki Matsui
|
0-0: Called Strike 0-1: Foul Ball, location: 2F 0-2: Ball 1-2: Strikes out swinging
|
| Bottom of the 5th over - 0 runs, 0 hits, 0 errors, 1 left on base; Roswell 3 - Victoria 0 |
| TOP OF THE 6TH |
|
Roswell Invaders batting - Pitching for Victoria Capitals : LHP Andy Mathis
|
|
Pitching: RHP Frank Cabrera
|
|
|
Batting: RHB Mike Swift
|
0-0: Foul Ball, location: 2F 0-1: Fly out, F9 (Flyball, 9D, EV 93.8 MPH)
|
|
Batting: RHB Josh Burrows
|
0-0: Called Strike 0-1: Ball 1-1: Ball 2-1: Foul Ball, location: 2F 2-2: Foul Ball, location: 2F 2-2: Foul Ball, location: 2F 2-2: Ball 3-2: SINGLE (Flyball, 8RS, EV 92.5 MPH)
|
|
Batting: LHB Josh Thomas
|
0-0: Ball 1-0: Foul Ball, location: 2F 1-1: Ball 2-1: Called Strike 2-2: Strikes out looking
|
|
Batting: RHB Cody Savastand
|
0-0: Ball 1-0: Called Strike 1-1: Foul Ball, location: 2F 1-2: Ball Passed Ball! Josh Burrows to second 2-2: Strikes out looking
|
| Top of the 6th over - 0 runs, 1 hit, 0 errors, 1 left on base; Roswell 3 - Victoria 0 |
| BOTTOM OF THE 6TH |
|
Victoria Capitals batting - Pitching for Roswell Invaders : RHP Jeff Whaley
|
|
Batting: SHB Carlos Luna
|
0-0: Ball 1-0: SINGLE (Groundball, 34S, EV 66.9 MPH) (infield hit)
|
|
Batting: RHB Nick Edmunds
|
0-0: Swinging Strike 0-1: Ball Pickoff Throw by Catcher to First - Out! 1-1: Called Strike 1-2: Strikes out swinging
|
|
Batting: LHB Chang Huie
|
0-0: Called Strike 0-1: Ball 1-1: Ball 2-1: Ball 3-1: Base on Balls
|
|
Batting: RHB David Greene
|
0-0: Ball Chang Huie steals 2nd base 1-0: Called Strike 1-1: Foul Ball, location: 2F 1-2: SINGLE (Groundball, 6MD, EV 96.3 MPH) Chang Huie to third Runner from 3rd tries for Home, SAFE, throw by CF to home David Greene to second
|
|
Batting: RHB Jesus Santiago
|
0-0: Ball 1-0: Ground out 4-3 (Groundball, 4M, EV 81.3 MPH)
|
| Bottom of the 6th over - 1 run, 2 hits, 0 errors, 1 left on base; Roswell 3 - Victoria 1 |
| TOP OF THE 7TH |
|
Roswell Invaders batting - Pitching for Victoria Capitals : RHP Frank Cabrera
|
|
Pitching: RHP Kieran Easton
|
|
|
Batting: LHB Afanasy Apatenko
|
0-0: Called Strike 0-1: Foul Ball, location: 2F 0-2: Strikes out swinging
|
|
Batting: LHB Falco van Koeveringe
|
0-0: Foul Ball, location: 2F 0-1: Swinging Strike 0-2: Foul Ball, location: 2F 0-2: Strikes out swinging
|
|
Batting: RHB Orlando Florez
|
0-0: Ball 1-0: Foul Ball, location: 2F 1-1: Ball 2-1: Called Strike 2-2: Strikes out swinging
|
| Top of the 7th over - 0 runs, 0 hits, 0 errors, 0 left on base; Roswell 3 - Victoria 1 |
| BOTTOM OF THE 7TH |
|
Victoria Capitals batting - Pitching for Roswell Invaders : RHP Jeff Whaley
|
|
Batting: RHB Heihachiro Fujita
|
0-0: Ball 1-0: Ground out 5-3 (Groundball, 56S, EV 72.5 MPH)
|
|
Batting: RHB Tomokazu Sugimoto
|
0-0: Swinging Strike 0-1: Ball 1-1: SINGLE (Line Drive, 78S, EV 88.1 MPH)
|
|
Batting: RHB Victor Rosas
|
0-0: Ball 1-0: 2-RUN HOME RUN (Flyball, 89XD, EV 97.5 MPH), Distance : 402 ft
|
|
Batting: LHB Taki Matsui
|
0-0: Ball 1-0: Ball 2-0: Swinging Strike 2-1: SOLO HOME RUN (Flyball, 9D, EV 95.0 MPH), Distance : 371 ft
|
|
Batting: SHB Carlos Luna
|
0-0: Called Strike 0-1: Swinging Strike 0-2: Ball 1-2: Strikes out swinging
|
|
Batting: RHB Nick Edmunds
|
0-0: Ball 1-0: Ground out 6-3 (Groundball, 56D, EV 77.5 MPH)
|
| Bottom of the 7th over - 3 runs, 3 hits, 0 errors, 0 left on base; Roswell 3 - Victoria 4 |
| TOP OF THE 8TH |
|
Roswell Invaders batting - Pitching for Victoria Capitals : RHP Kieran Easton
|
|
Batting: SHB Ethan Newby
|
0-0: Ball 1-0: Swinging Strike 1-1: Swinging Strike 1-2: SINGLE (Groundball, 34D, EV 96.9 MPH)
|
|
Pitching: RHP Sid Lampone
|
|
|
Batting: LHB Dallas Kelly
|
0-0: Ball 1-0: Foul Ball, location: 2F 1-1: Ball 2-1: Fly out, F9 (Line Drive, 9D, EV 93.1 MPH)
|
|
Batting: RHB Mike Swift
|
0-0: Called Strike 0-1: Called Strike 0-2: Strikes out looking
|
|
Batting: RHB Josh Burrows
|
0-0: SINGLE (Line Drive, 78S, EV 98.8 MPH) Ethan Newby to second
|
|
Batting: LHB Josh Thomas
|
0-0: Foul Ball, location: 2F 0-1: Swinging Strike 0-2: Ball 1-2: Strikes out swinging
|
| Top of the 8th over - 0 runs, 2 hits, 0 errors, 2 left on base; Roswell 3 - Victoria 4 |
| BOTTOM OF THE 8TH |
|
Victoria Capitals batting - Pitching for Roswell Invaders : RHP Jeff Whaley
|
|
Batting: LHB Chang Huie
|
0-0: Called Strike 0-1: Ball 1-1: Ball 2-1: Swinging Strike 2-2: SINGLE (Flyball, 6MD, EV 99.4 MPH)
|
|
Batting: RHB David Greene
|
0-0: Ball Chang Huie is caught stealing 2nd base 2-4 1-0: SINGLE (Flyball, 6D, EV 85.6 MPH) - OUT at second base trying to stretch hit.
|
|
Batting: RHB Jesus Santiago
|
0-0: Called Strike 0-1: Ball 1-1: Called Strike 1-2: Foul Ball, location: 2F 1-2: Ball 2-2: Ground out 4-3 (Groundball, 34, EV 101.3 MPH)
|
| Bottom of the 8th over - 0 runs, 2 hits, 0 errors, 0 left on base; Roswell 3 - Victoria 4 |
| TOP OF THE 9TH |
|
Roswell Invaders batting - Pitching for Victoria Capitals : RHP Sid Lampone
|
|
Pitching: LHP Ben Burton
|
|
|
Batting: RHB Cody Savastand
|
0-0: Called Strike 0-1: Foul Ball, location: 2F 0-2: Strikes out looking
|
|
Batting: LHB Afanasy Apatenko
|
0-0: Ball 1-0: Ball 2-0: Ball 3-0: Called Strike 3-1: Swinging Strike 3-2: Strikes out swinging
|
|
Batting: LHB Falco van Koeveringe
|
0-0: Ball 1-0: Ball 2-0: Called Strike 2-1: Foul Ball, location: 2F 2-2: Strikes out swinging
|
| Top of the 9th over - 0 runs, 0 hits, 0 errors, 0 left on base; Roswell 3 - Victoria 4 |
|